 Dungeon Crawl Stone Soup version 0.31.0-12-g77e489cdc1 (webtiles) character file.

Game seed: 6187149260851538123

539 monsoonserge the Cutter (level 7, 0/36 HPs)
             Began as a Spriggan Monk on Feb 22, 2024.
             Slain by Grinder (2 damage)
             ... on level 4 of the Dungeon.
             The game lasted 00:10:50 (3161 turns).

monsoonserge the Cutter (Spriggan Monk)             Turns: 3161, Time: 00:10:51

Health: 0/36       AC:  2    Str:  7    XL:     7   Next: 5%
Magic:  8/8        EV: 21    Int: 14    God:
Gold:   203        SH:  0    Dex: 19    Spells: 6/6 levels left

rFire   + . .        a - +0 short sword
rCold   + . .        (no shield)
rNeg    . . .        t - +0 robe "Qeanwude" {Will++ Int+2}
rPois   +            (helmet restricted)
rElec   +            (no cloak)
rCorr   +            (gloves unavailable)
SInv    +            (boots unavailable)
Will    +++..        i - amulet of regeneration
Stlth   ++           p - ring of resist corrosion
HPRegen 1.06/turn    (no ring)
MPRegen 0.11/turn

%: no passive effects
@: resistant, very quick
A: very small, no large weapons, unfitting armour, see invisible, speed 3
a: no special abilities


You were on level 4 of the Dungeon.
You visited 1 branch of the dungeon, and saw 4 of its levels.

You collected 203 gold pieces.

Inventory:

Hand Weapons
 a - a +0 short sword (weapon)
Missiles
 j - 6 poisoned darts (quivered)
Armour
 d - an orb of light
 t - the +0 robe "Qeanwude" (worn) {Will++ Int+2}
   (You found it on level 2 of the Dungeon)

   Int+2:     It affects your intelligence (+2).
   Will++:    It greatly increases your willpower.
Magical Staves
 v - a staff of earth
Jewellery
 i - an amulet of regeneration (around neck)
 p - a ring of resist corrosion (left hand)
Scrolls
 l - a scroll of teleportation {unknown}
 m - a scroll of enchant weapon {unknown}
 n - a scroll of torment {unknown}
 o - a scroll of summoning {unknown}
 q - a scroll of poison {unknown}
 s - a scroll of identify {unknown}
 u - a scroll of acquirement {unknown}
 w - a scroll of silence {unknown}
Potions
 b - a potion of mutation {unknown}
 c - a potion of ambrosia
 e - a potion of curing
 f - a potion of degeneration {unknown}
 g - a potion of resistance
 h - 2 potions of cancellation {unknown}
 k - a potion of magic {unknown}
 r - a potion of lignification {unknown}
 x - a potion of invisibility {unknown}
 z - a potion of brilliance {unknown}


   Skills:
 + Level 3.3 Fighting
 * Level 7.5 Short Blades
 + Level 5.8 Dodging
 + Level 0.2 Stealth


You had 6 spell levels left.
You didn't know any spells.
Your spell library contained the following spells:

 Spells                   Type           Power      Damage    Failure   Level
 Slow                     Hex            0%         N/A       28%         1
 Confusing Touch          Hex            0%         N/A       65%         3
 Sigil of Binding         Hex            0%         N/A       65%         3
 Vampiric Draining        Necr           0%         2d6       65%         3
 Alistair's Intoxication  Alch           0%         N/A       100%        5
 Borgnjor's Vile Clutch   Necr/Erth      0%         N/A       100%        5
 Eringya's Noxious Bog    Alch           0%         4d6       100%        6


Dungeon Overview and Level Annotations

Branches:
Dungeon (4/15)
 Temple: D:4-7

Altars:

Annotations:
D:4 Grinder


Innate Abilities, Weirdness & Mutations

You are very small and have problems with some larger weapons.
You are too small for most types of armour.
You have supernaturally acute eyesight. (SInv)
You cover ground extremely quickly. (Speed+++)


Message History

Grinder hits you!
You writhe in agony.
You hit Grinder.
Grinder is heavily wounded.
Grinder barely misses you.
Press: ? - help, v - describe, . - travel
Here: Grinder (heavily wounded)
The floor.
You closely miss Grinder.
Grinder is heavily wounded.
You hit Grinder but do no damage.
Grinder is heavily wounded.
Grinder gestures at you. You resist with almost no effort.
You hit Grinder.
Grinder is heavily wounded.
Grinder hits you.
You writhe in agony.
You closely miss Grinder.
Grinder is heavily wounded.
You barely miss Grinder.
Grinder is heavily wounded.
Grinder misses you.
You hit Grinder but do no damage.
Grinder is heavily wounded.
You hit Grinder.
Grinder is heavily wounded.
Grinder hits you.
You writhe in agony.
You hit Grinder.
Grinder is heavily wounded.
Grinder hits you!
* * * LOW HITPOINT WARNING * * *
You writhe in agony.
* * * LOW HITPOINT WARNING * * *
It was a potion of resistance.
You feel protected. Grinder closely misses you.
It was a potion of curing.
You feel better. Grinder hits you!
* * * LOW HITPOINT WARNING * * *
You writhe in agony.
You die...
Grinder says, "Now the real fun starts!"

#.. #.# ########.# .# #.....##.##
#.. #####.###.##..### ##..
#.......#.###...# #...
#.##.....[......## ##.####
#.##..#.#.#####..###......
..........# #5@.....# #.#####.###
##...†...# #...# #.#####.#
#.#......# #...# ........#
##.......# #...# ## .##########
#....†..# #...# #. .# #......#
#.......####...###.
.###......######.#.##............
..##.............................
..##......######...##............


You could see Grinder.

Vanquished Creatures
  Sigmund (D:2)
  A scorpion (D:3)
  2 bombardier beetles (D:3)
  A hound (D:4)
  An iguana (D:4)
  Natasha (twice) (D:2)
  A gnoll (D:3)
  5 adders
  A ribbon worm (D:3)
  4 dart slugs
  5 ball pythons
  11 bats
  9 endoplasms
  3 giant cockroaches
  11 hobgoblins
  A jackal (D:3)
  3 quokkas
  5 frilled lizards
  11 goblins
  3 kobolds
  4 rats
85 creatures vanquished.

Notes
Turn   | Place    | Note
-------+----------+-------------------------------------------
     0 | D:1      | monsoonserge the Spriggan Monk began the quest for the Orb.
     0 | D:1      | Reached XP level 1. HP: 11/11 MP: 2/2
   146 | D:1      | Reached XP level 2. HP: 15/16 MP: 3/3
   565 | D:1      | Reached skill level 4 in Short Blades
   736 | D:2      | Reached XP level 3. HP: 16/19 MP: 4/4
   750 | D:2      | Noticed Sigmund
   993 | D:3      | Reached skill level 5 in Short Blades
   993 | D:3      | Reached XP level 4. HP: 23/23 MP: 5/5
  1055 | D:3      | Reached skill level 5 in Dodging
  1267 | D:3      | Reached XP level 5. HP: 27/27 MP: 6/6
  1766 | D:2      | Noticed Natasha
  1795 | D:4      | Noticed Grinder
  2015 | D:2      | Identified the +0 robe "Qeanwude" {Will++ Int+2}
  2301 | D:2      | Killed Natasha
  2502 | D:2      | Reached skill level 6 in Short Blades
  2637 | D:2      | Killed Sigmund
  2638 | D:2      | Reached XP level 6. HP: 27/32 MP: 7/7
  2661 | D:2      | Noticed Natasha
  2676 | D:2      | Killed Natasha
  2772 | D:3      | Reached skill level 7 in Short Blades
  2978 | D:4      | Reached XP level 7. HP: 36/36 MP: 8/8
  3161 | D:4      | Slain by Grinder

Illustrated notes

Levels and vault maps discovered:
D:1:      lightli_arrival_noodles, layout_loops_cross
D:2:      layout_loops_ring, grunt_ministairs_7, minmay_misc_feat_x,
          hangedman_decor_push, dk_noncrumbling_2, chequers_serial_rivers_marsh,
          minmay_quadrilaterals, uniq_sigmund, uniq_natasha
D:3:      minmay_inner_zag, layout_basic, minmay_statues_item,
          minmay_misc_feat_room
D:4:      cheibrodos_greedy_goblins, layout_loops_cross, uniq_grinder

Skill      XL: |  1  2  3  4  5  6 |
---------------+-------------------+-----
Short Blades   | 4 5 6 7 |  7.5
Dodging        | 5 |  5.8
Fighting       | 3 |  3.3
Stealth        | |  0.2

Action                     |  1- 3 |  4- 6 |  7- 9 || total
---------------------------+-------+-------+-------++-------
  Melee: Short sword       |   127 |   251 |    42 ||   420
         Punch             |       |       |     1 ||     1
    Use: Potion            |       |       |     2 ||     2
   Stab: Sleeping          |       |     1 |       ||     1
 Armour: Robe              |    22 |    53 |     9 ||    84
  Dodge: Dodged            |    83 |   143 |    17 ||   243
